 Dungeon Sprint DCSS version 0.30-a0-137-gd8773701ce (webtiles) character file.

Game seed: 6759391598445055778

172 Pilot the Shield-Bearer (level 5, -1/57 HPs)
             Began as a Troll Fighter on Sept 22, 2022.
             Was an Initiate of Okawaru.
             Slain by a killer bee (6 damage)
             ... in the Dungeon (Sprint IV: "Fedhas' Mad Dash").
             The game lasted 00:03:44 (165 turns).

Pilot the Shield-Bearer (Troll Fighter)              Turns: 165, Time: 00:03:45

Health: -1/57      AC:  4    Str: 24    XL:     5   Next: 27%
Magic:  4/4        EV: 10    Int:  4    God:    Okawaru [......]
Gold:   77         SH:  9    Dex: 11    Spells: 4/4 levels left

rFire   . . .      SeeInvis .      - Unarmed
rCold   . . .      Faith    .    b - +0 kite shield
rNeg    . . .      Spirit   .    a - +0 robe
rPois   .          Reflect  .    (helmet restricted)
rElec   .          Harm     .    (no cloak)
rCorr   .          Rampage  .    (gloves unavailable)
Will    .....      NoTele   +    (boots unavailable)
Stlth   +.........               k - amulet of invisibility {+Inv}
HPRegen 0.99/turn                (no ring)
MPRegen 0.09/turn                (no ring)

@: lethally poisoned (-1 -> -3)
A: large, unfitting armour, claws 3, regeneration 1, shaggy fur 1, tough skin 1
a: Renounce Religion, Evoke Invisibility


You were in the Dungeon.
You worshipped Okawaru.
Okawaru was noncommittal.
You visited 1 branch You collected 77 gold pieces.

Inventory:

Armour
 a - a +0 robe (worn)
 b - a +0 kite shield (worn)
Jewellery
 k - the amulet of invisibility (around neck) {+Inv}
   (You found it in the Dungeon)

   [amulet of nothing]

   +Inv:      It lets you turn invisible.
Scrolls
 i - a scroll of blinking
 j - a scroll of fog {unknown}
Potions
 c - a potion of might
 d - a potion of curing
 e - a potion of heal wounds
 f - a potion of haste
 g - 2 potions of magic
 h - a potion of berserk rage
 l - a potion of ambrosia {unknown}


   Skills:
 + Level 5.4 Fighting
 + Level 5.1 Dodging
 + Level 6.0 Shields
 + Level 4.4 Unarmed Combat
 + Level 0.7 Evocations


You had 4 spell levels left.
You didn't know any spells.
Your spell library was empty.

Dungeon Overview and Level Annotations

Branches:
Dungeon (1/1)

Altars:
Cheibriados
Dithmenos
Elyvilon
Gozag
Hepliaklqana
Kikubaaqudgha
Makhleb
Nemelex Xobeh
Okawaru
Qazlal
Ru
Sif Muna
Trog
Uskayaw
Vehumet
Wu Jian
Xom
Yredelemnul
Zin
The Shining One
Jiyva
Lugonu


Innate Abilities, Weirdness & Mutations

You are too large for most types of armour.
You have claws for hands.
Your natural rate of healing is unusually fast.
You are covered in fur. (AC +1)
You have tough skin. (AC +1)


Message History

The killer bee poisons you!
You feel very sick.
You scratch the killer bee.
The killer bee is moderately wounded.
You feel sick. The killer bee stings you. The killer bee stings you!
The killer bee stings you.
You are more poisoned.
The killer bee poisons you!
You closely miss the killer bee.
The killer bee is moderately wounded.
You feel very sick. You block the killer bee's attack.
The killer bee stings you. x2
The killer bee closely misses you.
You barely miss the killer bee.
The killer bee is moderately wounded.
You feel sick. The killer bee stings you. The killer bee barely misses you.
The killer bee stings you but does no damage.
You block the killer bee's attack.
You miss the killer bee.
The killer bee is moderately wounded.
You feel sick. The killer bee closely misses you.
You block the killer bee's attack. x2; The killer bee stings you.
* * * LOW HITPOINT WARNING * * *
You barely miss the killer bee.
The killer bee is moderately wounded.
You feel sick. You block the killer bee's attack. x2
The killer bee stings you.
* * * LOW HITPOINT WARNING * * *
The killer bee closely misses you.
You claw the killer bee!
The killer bee is almost dead.
You feel sick. You block the killer bee's attack. The killer bee stings you!
* * * LOW HITPOINT WARNING * * *
You are more poisoned.
The killer bee poisons you!
The killer bee stings you but does no damage. x2
You barely miss the killer bee.
You feel very sick. The killer bee stings you.
You die...

###############################
#<..P#.....#.....#.⌠._._._._.⌠.
#PP..†.....'.#†..'.._._._._._..
#PPPP#.....#.#...#..._._._._...
###############'##.._._._._._..
♣..y....yy@..#._._._._._.⌠.
.....♣....y#y..##############
..y ♣..♣..###### + #+#####


You could see a queen bee and 4 killer bees.

Vanquished Creatures
  A scorpion (D)
  3 oklob saplings (D)
  A river rat (D)
  A rat (D)
6 creatures vanquished.

Notes
Turn   | Place    | Note
-------+----------+-------------------------------------------
     0 | D        | Pilot the Troll Fighter began the quest for the Orb.
     0 | D        | Reached XP level 1. HP: 22/22 MP: 0/0
    14 | D        | Reached skill level 3 in Shields
    14 | D        | Reached XP level 2. HP: 20/31 MP: 1/1
    26 | D        | Noticed an oklob sapling
    30 | D        | Killed an oklob sapling
    31 | D        | Reached skill level 4 in Shields
    31 | D        | Reached XP level 3. HP: 10/39 MP: 2/2
    61 | D        | Noticed a scorpion
    61 | D        | Found the amulet of invisibility {+Inv}
    66 | D        | Killed a scorpion
    67 | D        | Reached skill level 5 in Shields
    67 | D        | Reached XP level 4. HP: 45/49 MP: 3/3
    90 | D        | Found an opulent altar of Gozag.
    90 | D        | Found a hazy altar of Hepliaklqana.
    90 | D        | Found a burning altar of Makhleb.
    90 | D        | Found a sparkling altar of Nemelex Xobeh.
    90 | D        | Found a snail-covered altar of Cheibriados.
    90 | D        | Found a sacrificial altar of Ru.
    90 | D        | Found a shimmering blue altar of Sif Muna.
    90 | D        | Found a shimmering altar of Xom.
    90 | D        | Found a basalt altar of Yredelemnul.
    91 | D        | Found a viscous altar of Jiyva.
    91 | D        | Found a bloodstained altar of Trog.
    91 | D        | Found an ornate altar of the Wu Jian Council.
    92 | D        | Found an iron altar of Okawaru.
    92 | D        | Found a shadowy altar of Dithmenos.
    92 | D        | Found a glowing silver altar of Zin.
    93 | D        | Found a hide-covered altar of Uskayaw.
    93 | D        | Found an ancient bone altar of Kikubaaqudgha.
    94 | D        | Found a stormy altar of Qazlal.
    94 | D        | Found a glowing golden altar of the Shining One.
    94 | D        | Found a white marble altar of Elyvilon.
    95 | D        | Found a radiant altar of Vehumet.
    95 | D        | Found a corrupted altar of Lugonu.
   100 | D        | Reached skill level 5 in Fighting
   100 | D        | Reached XP level 5. HP: 57/57 MP: 4/4
   119 | D        | Reached skill level 5 in Dodging
   119 | D        | Reached skill level 6 in Shields
   136 | D        | Became a worshipper of Warmaster Okawaru
   153 | D        | Noticed a queen bee
   165 | D        | Slain by a killer bee

Illustrated notes

Levels and vault maps discovered:
D:        dungeon_sprint_fedhas [sprint_temple]

Skill      XL: |  1  2  3  4  5 |
---------------+----------------+-----
Fighting       | 3 4 5 |  5.4
Dodging        | 3 4 5 |  5.1
Shields        | 3 4 5 6 |  6.0
Unarmed Combat | 3 4 |  4.4
Evocations     | |  0.7

Action                   |  1- 3 |  4- 6 || total
-------------------------+-------+-------++-------
Melee: Unarmed           |    14 |    13 ||    27
 Abil: Evoke Invisibilit |       |     2 ||     2
 Stab: Sleeping          |       |     1 ||     1
Armor: Robe              |     3 |     3 ||     6
Dodge: Dodged            |     3 |     4 ||     7
Block: Kite shield       |     4 |     7 ||    11

Table legend: (Time is in decaauts)
 A = Elapsed time spent in this place.
 B = Non-inter-level travel time spent in this place.
 C = Inter-level travel time spent in this place.
 D = Time resting spent in this place.
 E = Time spent auto-exploring this place.
 F = Levels seen in this place.
 G = Mean time per level.
                   A        B        C        D        E       F      G
               +--------+--------+--------+--------+--------+-----+--------+
         Total |    166 |    121 |     45 |      0 |      0 |   1 |  166.0 |
       Dungeon |    166 |    121 |     45 |      0 |      0 |   1 |  166.0 |
               +--------+--------+--------+--------+--------+-----+--------+

Top non-repeatable levels by time:
       D: 166 daAuts
